 Dungeon Crawl Stone Soup version 0.19.0-24-gb05acd6 (console) character file.

399 Kloppie the Shield-Bearer (level 7, 0/52 HPs)
             Began as a Formicid Fighter on Nov 22, 2016.
             Killed by divine providence
             ... invoked by an orc priest
              (12 damage)
             ... on level 4 of the Dungeon.
             The game lasted 00:04:11 (3251 turns).

Kloppie the Shield-Bearer (Formicid Fighter)        Turns: 3251, Time: 00:04:12

Health: 0/52       AC: 10    Str: 25    XL:     7   Next: 10%
Magic:  7/7        EV:  7    Int:  8    God:
Gold:   155        SH: 11    Dex: 12    Spells: 0 memorised, 6 levels left

rFire  . . .     SeeInvis +     a - +0 long sword
rCold  . . .     Gourm    .     i - +0 chain mail (curse)
rNeg   . . .     Faith    .     c - +0 shield
rPois  .         Spirit   .     (helmet unavailable)
rElec  .         Reflect  .     (no cloak)
rCorr  .         Harm     .     C - +0 pair of gloves
MR     .....                    (no boots)
Stlth  ..........               (no amulet)
                                (no ring)
                                (no ring)

@: mighty
A: permanent stasis, dig shafts and tunnels, four strong arms, antennae 3
a: Dig, Shaft Self


You were on level 4 of the Dungeon.
You were hungry.

You visited 1 branch of the dungeon, and saw 4 of its levels.

You collected 155 gold pieces.

Inventory:

Hand Weapons
 a - a +0 long sword (weapon)
Armour
 c - a +0 shield (worn)
 i - a cursed +0 chain mail (worn)
 v - a +0 large shield
 C - a +0 pair of gloves (worn)
Jewellery
 y - a +3 ring of dexterity {unknown}
 B - an uncursed ring of protection from cold {unknown}
Wands
 F - a wand of flame (11/48)
Scrolls
 b - a scroll of amnesia {unknown}
 h - a scroll of blinking {unknown}
 k - 4 scrolls of identify {unknown}
 l - 4 scrolls of remove curse {unknown}
 m - 2 scrolls of fog {unknown}
 q - a scroll of immolation {unknown}
 t - a scroll of random uselessness {unknown}
 w - a scroll of teleportation {unknown}
 x - a scroll of enchant armour {unknown}
 A - a scroll of noise {unknown}
 D - a scroll of recharging {unknown}
Potions
 d - a potion of might
 e - a potion of lignification {unknown}
 j - 3 potions of invisibility {unknown}
 n - 3 potions of curing
 o - a potion of agility {unknown}
 r - a potion of heal wounds {unknown}
 s - a potion of cure mutation {unknown}
 z - 2 potions of resistance {unknown}
 E - a potion of haste {unknown}
Comestibles
 f - 3 bread rations
 g - 5 fruits
 p - 2 meat rations


   Skills:
 - Level 3.2 Fighting
 + Level 4.2 Long Blades
 - Level 3.2 Armour
 * Level 7.7 Shields


You had 6 spell levels left.
You didn't know any spells.

Dungeon Overview and Level Annotations

Branches:
Dungeon (4/15)
 Temple: D:4-7

Altars:
Elyvilon
Fedhas
Ru
Vehumet


Innate Abilities, Weirdness & Mutations

You are under a permanent stasis effect.
You can dig through walls and to a lower floor.
Your four strong arms can wield two-handed weapons with a shield.
You have a pair of large antennae on your head. (SInv)


Message History

You block the orc's attack.
The orc priest hits you but does no damage.
You closely miss the orc priest.
The orc priest is almost dead.
The orc barely misses you. You block the orc priest's attack.
The orc hits you but does no damage.
All of the chunks of flesh in your inventory have rotted away.
Your chain mail prevents you from hitting the orc priest.
The orc priest is almost dead.
The orc priest begins to cast a cantrip, but forgets the words!
You block the orc's attack.
You closely miss the orc priest.
The orc priest is almost dead.
You block the orc's attack. You block the orc priest's attack.
You closely miss the orc priest.
The orc priest is almost dead.
You block the orc's attack.
The orc priest calls down the wrath of Beogh upon you.
Beogh smites you!
You die...

.................#...#.#
#.####.#.#.####..#...#.#
.[# #.#. ####..##.##.#
### # #. #........##.#
## #.#.#.##..#####.. .#
#.......# ## ##
.....###.# #.### #)# #
#@# #o#o....# .o# .....#
### ....... .....#.
.....# ...### ####


You could see an orc priest and 2 orcs.

Vanquished Creatures
  An orc priest (D:4)
  A centaur skeleton (D:4)
  Ijyb (D:3)
  4 orc wizards (D:4)
  A worker ant (D:4)
  4 gnolls (D:4)
  5 adders
  3 oozes
  2 worms (D:2)
  A leopard gecko (D:1)
  6 orcs (D:4)
  3 giant cockroaches
  16 goblins
  9 hobgoblins
  6 jackals
  2 quokkas
  A ball python (D:1)
  6 bats
  3 frilled lizards
  8 kobolds
  5 rats
88 creatures vanquished.

Notes
Turn   | Place    | Note
-------+----------+-------------------------------------------
     0 | D:1      | Kloppie the Formicid Fighter began the quest for the Orb.
     0 | D:1      | Reached XP level 1. HP: 18/18 MP: 1/1
   159 | D:1      | Reached skill level 4 in Shields
   163 | D:1      | Reached XP level 2. HP: 21/24 MP: 2/2
   307 | D:1      | Reached XP level 3. HP: 16/29 MP: 3/3
   974 | D:2      | Reached skill level 5 in Shields
   992 | D:2      | Reached XP level 4. HP: 11/35 MP: 4/4
  1308 | D:2      | Found a sacrificial altar of Ru.
  2199 | D:3      | Reached XP level 5. HP: 41/41 MP: 5/5
  2393 | D:3      | Reached skill level 6 in Shields
  2504 | D:3      | Noticed Ijyb
  2519 | D:3      | Killed Ijyb
  2687 | D:4      | Reached XP level 6. HP: 16/47 MP: 6/6
  2733 | D:4      | Reached skill level 7 in Shields
  3036 | D:4      | Reached XP level 7. HP: 25/52 MP: 7/7
  3203 | D:4      | Found a white marble altar of Elyvilon.
  3203 | D:4      | Found a radiant altar of Vehumet.
  3203 | D:4      | Found a blossoming altar of Fedhas.
  3251 | D:4      | Killed from afar by an orc priest

Skill      XL: |  1  2  3  4  5  6 |
---------------+-------------------+-----
Shields        | 4 5 6 7 |  7.7
Long Blades    | 3 4 |  4.2
Fighting       | |  3.2
Armour         | |  3.2

Action                   |  1- 3 |  4- 6 |  7- 9 || total
-------------------------+-------+-------+-------++-------
Melee: Long sword        |    91 |   246 |    23 ||   360
 Abil: Dig               |       |     1 |       ||     1
  Use: Potion            |       |     1 |     1 ||     2
  Eat: Chunk             |       |     8 |       ||     8
Armor: Chain mail        |    65 |   118 |    11 ||   194
       Scale mail        |     3 |       |       ||     3
Dodge: Dodged            |    35 |    72 |     7 ||   114
Block: Shield            |    73 |   149 |    14 ||   236
       Rpst.: Long sword |    15 |    26 |     2 ||    43
